 Dungeon Crawl Stone Soup version 0.31.0-11-ge490571c62 (webtiles) character file.

Game seed: 2166465492776272810

65 hawla the Shield-Bearer (level 3, -1/69 HPs)
             Began as a Minotaur Fighter on Feb 8, 2024.
             Slain by a killer bee (2 damage)
             ... on level 4 of the Dungeon.
             The game lasted 00:03:21 (1366 turns).

hawla the Shield-Bearer (Minotaur Fighter)          Turns: 1366, Time: 00:03:21

Health: -1/69      AC: 21    Str: 22    XL:     3   Next: 92%
Magic:  0/2        EV:  2    Int:  5    God:
Gold:   106        SH:  4    Dex:  9    Spells: 2/2 levels left

rFire   . . .        a - +0 war axe
rCold   . . .        c - +0 buckler
rNeg    . . .        q - melded +0 chain mail
rPois   +            (helmet currently unavailable)
rElec   .            (cloak currently unavailable)
rCorr   .            (gloves currently unavailable)
SInv    .            (boots currently unavailable)
Will    .....        h - amulet of guardian spirit Stlth
                     (no ring)
HPRegen 0.31/turn    (no ring)
MPRegen 0.08/turn

%: guardian spirit
@: brilliant, berserking, lethally poisoned (-1 -> -5), tree-form, very quick
A: stationary, stasis, torment immunity, boosted hp, (horns 2), (retaliatory
headbutt)
a: no special abilities


You were on level 4 of the Dungeon.
You were a tree.
You visited 1 branch of the dungeon, and saw 3 of its levels.

You collected 106 gold pieces.

Inventory:

Hand Weapons
 a - a +0 war axe (weapon)
Missiles
 j - 8 poisoned darts (quivered)
Armour
 c - a +0 buckler (worn)
 q - a +0 chain mail (melded)
Jewellery
 h - an amulet of guardian spirit (around neck)
Scrolls
 i - a scroll of torment {unknown}
 l - a scroll of identify
 n - 2 scrolls of teleportation {unknown}
 o - a scroll of vulnerability {unknown}
Potions
 d - 2 potions of might
 e - a potion of cancellation
 g - a potion of mutation {unknown}


   Skills:
 - Level 3.6 Fighting
 - Level 2.4 Axes
 + Level 2.3 Throwing
 - Level 3.6 Armour
 - Level 5.0 Shields


You had 2 spell levels left.
You didn't know any spells.
Your spell library was empty.

Dungeon Overview and Level Annotations

Branches:
Dungeon (2/15)

Altars:

Shops:
D:1 (   D:4 =


Innate Abilities, Weirdness & Mutations

You are a tree.
Your roots penetrate the ground, keeping you stationary.
You cannot be teleported.
You are immune to unholy pain and torment.
Your maximum health is greatly increased.
Your equipment is partially melded.
((You have a pair of horns on your head.))
((You reflexively headbutt those who attack you in melee.))


Message History

* * * LOW HITPOINT WARNING * * *
The killer bee stings you.
* * * LOW HITPOINT WARNING * * *
You are lethally poisoned!
The killer bee poisons you!
Found 7 stones, a rapier and a war axe.
It was a potion of brilliance.
You feel clever all of a sudden.
* * * LOW HITPOINT WARNING * * *
You feel sick. The killer bee barely misses you. You furiously retaliate!
You headbutt the killer bee! The killer bee misses you.
You furiously retaliate!
You headbutt the killer bee! The killer bee stings you.
* * * LOW HITPOINT WARNING * * *
The killer bee completely misses you. You block the killer bee's attack. x2
It was a potion of lignification.
You turn into a tree.
Your +0 chain mail melds into your body.
Your roots penetrate the ground.
* * * LOW HITPOINT WARNING * * *
You feel sick. The killer bee stings you.
* * * LOW HITPOINT WARNING * * *
The killer bee stings you but does no damage. x2
You block the killer bee's attack.
The killer bee stings you but does no damage.
You block the killer bee's attack.
It was a potion of berserk rage.
A red film seems to cover your vision as you go berserk!
You feel yourself moving faster!
You feel mighty!
* * * LOW HITPOINT WARNING * * *
You feel sick. You block the killer bee's attack. The killer bee stings you.
* * * LOW HITPOINT WARNING * * *
The killer bee stings you but does no damage. x4
You miss the killer bee.
The killer bee is heavily wounded.
You miss the killer bee. You closely miss the killer bee.
* * * LOW HITPOINT WARNING * * *
You feel sick. The killer bee barely misses you.
The killer bee stings you but does no damage. x3
The killer bee stings you.
You die...

<* *,,,*,,,,,,+,,,,,*,,*,,,,* ,*
*,,.#......#.....#,,*,,,,** ,*
*,,.#......#.....#,,*,,,,,, ,*
*,,)#......#.....#,<*****,, ,*
**,.#####+##.....#,,,,,,*,,
*******,,####..........#*+**,,',,
*,,,,,,,,.(.#.....##+###,,**,,*,,
+,,,,,,,,...+..yyy#.....,,**,,*,,
*,,,,,.##+###...♣.#.....,,,,,,*,,
*,,,,.............#..##.,,,,,,+,,
*,,,,.........†...#####.,,**,,*,,
******#...........#.....,,**,,*,,
*,,,,,#...........#..###****,,*,,
*,,,,,#...........#..##.,,**,,+,,
*,,,,,#...........#.....,,*****,,
**,,,,#>..........#..)..,,*,,,,,,
**,,,,#...........#,,**,>,*,,,,,,


You could see 3 killer bees.

Vanquished Creatures
  Jessica (D:2)
  An adder (D:2)
  2 dart slugs (D:2)
  A ribbon worm (D:4)
  2 ball pythons
  2 bats (D:2)
  An endoplasm (D:2)
  A giant cockroach (D:4)
  A goblin (D:2)
  4 hobgoblins
  A quokka (D:1)
  A frilled lizard (D:1)
  5 kobolds
  2 rats (D:2)
25 creatures vanquished.

Notes
Turn   | Place    | Note
-------+----------+-------------------------------------------
     0 | D:1      | hawla the Minotaur Fighter began the quest for the Orb.
     0 | D:1      | Reached XP level 1. HP: 19/19 MP: 0/0
   101 | D:1      | Found Tysi's Antique Weapon Shop.
   363 | D:1      | Reached skill level 4 in Shields
   838 | D:2      | Noticed Jessica
   846 | D:2      | Killed Jessica
   847 | D:2      | Reached skill level 5 in Shields
   847 | D:2      | Reached XP level 2. HP: 21/26 MP: 1/1
   847 | D:2      | Reached XP level 3. HP: 26/31 MP: 2/2
   891 | D:2      | Reached skill level 1 in Throwing
  1319 | D:2      | You fall into a shaft and drop 2 floors!
  1319 | D:4      | Found Arunn's Jewellery Boutique.
  1355 | D:4      | Noticed a killer bee
  1356 | D:4      | Noticed a killer bee
  1357 | D:4      | Noticed a killer bee
  1365 | D:4      | HP: 1/69 [killer bee (3)]
  1366 | D:4      | Slain by a killer bee

Illustrated notes

Levels and vault maps discovered:
D:1:      dpeg_arrival_yet_another_circle, layout_basic, serial_shops,
          nicolae_shop_getting_attention
D:2:      minmay_razor_zed, layout_loops_ring, serial_aquarium,
          aquarium_bridge_long_joined [aquarium_subvault_window,
          aquarium_subvault_wall, aquarium_subvault_balcony,
          aquarium_subvault_bridge, aquarium_subvault_wall,
          aquarium_subvault_bridge], aquarium_bridge_island_large
          [aquarium_subvault_large_water, aquarium_subvault_bridge,
          aquarium_subvault_bridge, aquarium_subvault_bridge,
          aquarium_subvault_wall], aquarium_window_1,
          aquarium_window_corridor_1, aquarium_view_4, aquarium_view_2b,
          aquarium_balcony_5b, uniq_jessica, uniq_sigmund
D:4:      layout_gridville, nzn_overflow_gifts_of_might_and_magic,
          mainiacjoe_overflow_tiny_flanked, serial_shops, shop,
          nicolae_eternal_life

Skill      XL: |  1  2  3 |
---------------+----------+-----
Shields        | 5 |  5.0
Throwing       | 2 |  2.3
Fighting       | |  3.6
Axes           | |  2.4
Armour         | |  3.6

Action                     || total
---------------------------++-------
  Melee: War axe           ||    52
         Headbutt          ||     5
    Use: Potion            ||     3
         Scroll            ||     2
 Armour: Scale mail        ||    27
         Chain mail        ||    20
         Skin              ||    13
  Dodge: Dodged            ||    35
  Block: Buckler           ||    15
